 Dungeon Crawl Stone Soup version 0.29.0-10-g45618ea6d2 (webtiles) character file.

Game seed: 17499389486567407454

346704 Flugkiller the Impregnable (level 20, -4/199 HPs)
             Began as a Minotaur Fighter on Sept 1, 2022.
             Was the Champion of Okawaru.
             Slain by an electric golem (6 damage)
             ... on level 5 of the Realm of Zot.
             The game lasted 00:28:15 (30936 turns).

Flugkiller the Impregnable (Minotaur Fighter)      Turns: 30936, Time: 00:28:15

Health: -4/199     AC: 43    Str: 23    XL:     20   Next: 83%
Magic:  25/27      EV:  9    Int:  7    God:    Okawaru [******]
Gold:   3382       SH: 16    Dex: 13    Spells: 19/19 levels left

rFire   + + .      SeeInvis .   a - +9 broad axe (freeze)
rCold   . . .      Faith    .   R - +1 kite shield {rF+}
rNeg    + . .      Spirit   .   P - +4 gold dragon scales
rPois   +          Reflect  .   S - +2 hat {Will+}
rElec   +          Harm     .   Z - +2 cloak {Stlth+}
rCorr   .          Rampage  .   N - +0 pair of gloves of Noon {rElec rPois rC- rN+}
Will    +++..                   x - +2 pair of boots
Stlth   ..........              s - amulet of Vitality {RegenMP++ Regen++}
HPRegen 2.03/turn               m - ring of willpower
MPRegen 1.00/turn               j - +4 ring of slaying

@: heroic, finesse-ful, vertiginous, studying Armour
A: horns 2, retaliatory headbutt, clumsy 1
}: 3/15 runes: serpentine, barnacled, abyssal
a: Renounce Religion, Heroism, Finesse, Duel


You were on level 5 of the Realm of Zot.
You worshipped Okawaru.
Okawaru was exalted by your worship.
You visited 7 branches of the dungeon, and saw 39 of its levels.
You visited the Abyss 1 time.
You also visited: Sewer and Gauntlet.

You collected 3703 gold pieces.
You spent 321 gold pieces at shops.

Inventory:

Hand Weapons
 a - a +9 broad axe of freezing (weapon)
   (You took it off an orc knight on level 13 of the Dungeon)
 b - a +1 broad axe of distortion
   (You took it off a hell knight on level 4 of the Depths)
Missiles
 H - 4 throwing nets (quivered)
Armour
 f - the +1 pair of gloves "Wellufez" {rN+ SInv}
   (Okawaru gifted it to you on level 2 of the Depths)

   rN:        It protects you from negative energy.
   SInv:      It lets you see invisible.
 x - a +2 pair of boots (worn)
   (You found it in a sewer)
 G - the +0 pair of boots of Rolohuo {+Inv rCorr Stlth+}
   (You found it on level 6 of the Dungeon)

   +Inv:      It lets you turn invisible.
   rCorr:     It protects you from acid and corrosion.
   Stlth:     It makes you more stealthy.
 N - the +0 pair of gloves of Noon (worn) {rElec rPois rC- rN+}
   (You found it in a Gauntlet)

   rC:        It makes you vulnerable to cold.
   rElec:     It insulates you from electricity.
   rPois:     It protects you from poison.
   rN:        It protects you from negative energy.
 O - a +0 kite shield of reflection
   (You took it off a tengu warrior on level 15 of the Dungeon)
 P - +4 gold dragon scales (worn)
   (You found it on level 3 of the Depths)
 R - a +1 kite shield of fire resistance (worn)
   (You took it off a naga warrior on level 4 of the Snake Pit)
 S - a +2 hat of willpower (worn)
   (You took it off Gastronok on level 11 of the Dungeon)
 Z - a +2 cloak of stealth (worn)
   (You found it on level 1 of the Shoals)
Jewellery
 i - a ring of see invisible
   (You found it on level 7 of the Dungeon)
 j - a +4 ring of slaying (right hand)
   (You took it off a merfolk on level 4 of the Shoals)
 m - a ring of willpower (left hand)
   (You found it on level 11 of the Dungeon)
 p - a +4 ring of protection
   (You found it on level 4 of the Depths)
 s - the amulet of Vitality (around neck) {RegenMP++ Regen++}
   (You took it off a merfolk on level 4 of the Shoals)

   [amulet of magic regeneration]

   It increases your rate of magic regeneration.
   Regen:     It increases your rate of health regeneration.
 v - a +4 ring of evasion
   (You found it on level 7 of the Dungeon)
 B - a ring of magical power
   (You found it on level 4 of the Depths)
 C - an amulet of faith
   (You found it on level 4 of the Depths)
 Y - the amulet of the Four Winds {rN+ Will+++ Clar}
   (You found it in a Gauntlet)

   [amulet of nothing]

   rN:        It protects you from negative energy.
   Clar:      It protects you against confusion.
   Will:      It greatly increases your willpower.
Wands
 e - a wand of light (1)
   (You found it on level 2 of the Depths)
 g - a wand of digging (20)
   (You found it on level 4 of the Snake Pit)
 K - a wand of mindburst (19)
   (You found it on level 14 of the Dungeon)
 V - a wand of roots (10)
   (You found it on level 2 of the Lair of Beasts)
Scrolls
 l - a scroll of magic mapping
 o - 2 scrolls of enchant armour
 r - 8 scrolls of identify
 t - 8 scrolls of teleportation
 z - a scroll of blinking
 E - 5 scrolls of fear
 L - 7 scrolls of vulnerability
 M - 7 scrolls of immolation
 W - 4 scrolls of silence
Potions
 c - 2 potions of berserk rage
 d - 4 potions of might
 h - 7 potions of haste
 k - 3 potions of cancellation
 n - 4 potions of resistance
 q - 5 potions of curing
 u - 2 potions of lignification {unknown}
 A - 3 potions of ambrosia
 D - 8 potions of invisibility
 I - 5 potions of magic
 J - 4 potions of mutation
 Q - a potion of attraction
 U - 3 potions of flight
Miscellaneous
 F - a condenser vane
   (You found it in a Gauntlet)


   Skills:
 + Level 21.7(26.7) Fighting
 - Level 18.0(23.0) Axes
 + Level 22.8(27) Armour
 + Level 18.4(23.4) Dodging
 - Level 15.0(20.0) Shields
 - Level 11.0 Invocations
 - Level 10.0 Evocations


You had 19 spell levels left.
You didn't know any spells.
Your spell library was empty.

Dungeon Overview and Level Annotations

Branches:
Dungeon (15/15) Temple (0/1) D:5 Lair (5/5) D:11 Shoals (4/4) Lair:3 Snake (4/4) Lair:2 Orc (2/2) D:10 Elf (0/3) Orc:2 Vaults (0/5) D:12 D:13 Depths (4/4) D:15 Zot (5/5) Depths:4 Sewer (visited) Gauntlet (visited) Slime: Lair:4-5

Altars:
Ashenzari
Cheibriados
Dithmenos
Elyvilon
Fedhas
Hepliaklqana
Kikubaaqudgha
Nemelex Xobeh
Okawaru
Qazlal
Ru
Sif Muna
Uskayaw
Wu Jian
Yredelemnul
The Shining One
Jiyva

Shops:
D:3 *   D:4 (   D:14 [   D:15 (   Orc:2 [(**

Portals:
Hell: Depths:2 Depths:3 Depths:4
Abyss: Depths:1 Depths:2 Depths:3
Pandemonium: Depths:2 Depths:3
Ziggurat: Depths:4

Annotations:
D:4 exclusion: 2 goblins
Lair:5 2 transporters, exclusion: oklob plant, Flugkiller's ghost, journeyman MiFi
Zot:2 1 transporter


Innate Abilities, Weirdness & Mutations

You have a pair of horns on your head.
You reflexively headbutt those who attack you in melee.
You are clumsy. (Dex -2)


Message History

Your headbutt misses the Killer Klown.
The Killer Klown is lightly wounded.
You hit the Orb Guardian. You freeze the Orb Guardian.
You block the Orb Guardian's attack. You block the Killer Klown's attack.
You slice the Killer Klown!! You freeze the Killer Klown.
You headbutt the Killer Klown, but do no damage.
The Killer Klown is moderately wounded.
You slash the Orb Guardian! You freeze the Orb Guardian.
The Orb Guardian hits you but does no damage.
You slice the Killer Klown!! You freeze the Killer Klown.
The Killer Klown is heavily wounded.
You slash the Orb Guardian! You freeze the Orb Guardian.
The Killer Klown pounds you but does no damage.
You slice the Killer Klown!! You freeze the Killer Klown.
You headbutt the Killer Klown!
The Killer Klown is severely wounded.
You barely miss the Orb Guardian. The Orb Guardian hits you.
* * * LOW HITPOINT WARNING * * *
You barely miss the Killer Klown. You headbutt the Killer Klown.
The Killer Klown is severely wounded.
You hit the Orb Guardian but do no damage.
You block the Killer Klown's attack.
You hit the Killer Klown. You freeze the Killer Klown.
Your headbutt misses the Killer Klown.
The Killer Klown is severely wounded.
You slash the Orb Guardian! You freeze the Orb Guardian.
You kill the Orb Guardian!
Okawaru accepts your kill. Okawaru grants you armour!
Something appears at your feet!
You see here the +12 plate armour of the Equator {rPois Regen+ Str-5}.
The electric golem hurls lightning at you.
The bolt of lightning hits you. You resist.
* * * LOW HITPOINT WARNING * * *
Your life force feels restored.
You closely miss the Killer Klown.
The Killer Klown is severely wounded.
You block the Killer Klown's attack.
You closely miss the Killer Klown. Your headbutt misses the Killer Klown.
The Killer Klown is severely wounded.
You chop the Killer Klown into pieces!!!
You freeze the Killer Klown.
The Killer Klown is almost dead.
You barely miss the Killer Klown. Your headbutt misses the Killer Klown.
The Killer Klown is almost dead.
The Killer Klown wrestles you with a +9 antimagic club!!
* * * LOW HITPOINT WARNING * * *
You feel your power leaking away.
You hit the Killer Klown. You freeze the Killer Klown.
Your headbutt misses the Killer Klown.
The Killer Klown is almost dead.
You slash the Killer Klown! You freeze the Killer Klown.
You kill the Killer Klown!
Okawaru accepts your kill.
The electric golem hurls lightning at you.
The bolt of lightning hits you! You resist.
* * * LOW HITPOINT WARNING * * *
You block the electric golem's attack. x2
The electric golem barely misses you. You block the electric golem's attack.
You slice the electric golem!! You freeze the electric golem.
You headbutt the electric golem.
The electric golem is moderately damaged.
You miss the electric golem.
The electric golem is moderately damaged.
You block the electric golem's attack. x3
The electric golem hits you but does no damage.
You hit the electric golem.
Your headbutt misses the electric golem.
The electric golem is moderately damaged.
The electric golem hits you but does no damage.
The electric golem hits you.
* * * LOW HITPOINT WARNING * * *
The electric golem shocks you. You resist.
* * * LOW HITPOINT WARNING * * *
The electric golem closely misses you.
The electric golem hits you but does no damage.
You barely miss the electric golem.
The electric golem is moderately damaged.
You miss the electric golem.
The electric golem is moderately damaged.
The electric golem hurls lightning at you.
The bolt of lightning misses you. The bolt of lightning hits you! You resist.
* * * LOW HITPOINT WARNING * * *
You closely miss the electric golem. You headbutt the electric golem!
The electric golem is moderately damaged.
The electric golem hits you but does no damage. x4
You block the electric golem's attack. The electric golem hits you!
* * * LOW HITPOINT WARNING * * *
The electric golem shocks you. You resist.
* * * LOW HITPOINT WARNING * * *
The electric golem hits you.
* * * LOW HITPOINT WARNING * * *
The electric golem hits you but does no damage.
You slice the electric golem!! You freeze the electric golem.
The electric golem is heavily damaged.
The electric golem hits you but does no damage.
The electric golem hits you.
* * * LOW HITPOINT WARNING * * *
The electric golem shocks you. You resist.
You die...

,,***,,,,,,,,,,^,,,,,,,,,,,,,*
,,,**,^,,...^............,,,**
,^,,*,,,,......^...........**
,,,,,,,,,..............^..▓▓
,,,,*,,,,..................▓▓
,,,**^,,,...................▓▓
,,***,,,,....................▓
*** *,,,,........9...........▓
**,,,.......@.§§........▓*
***,.........§§.......▓*
**▓▓.......§§$§....▓▓
****▓▓▓▓▓▓▓▓##§...^▓▓
***,,^,,,,,......§....##
**,,,,**,,,,..........^.##
****,,,***,^,,..............##
,,,,,,***,,,,,....^..........#
,,,,,** *,,,,,^..............#


You could see an electric golem.

Vanquished Creatures
  2 ancient liches (Zot:5)
  A Killer Klown (Zot:5)
  A curse toe (Zot:5)
  2 golden dragons
  A caustic shrike (Depths:4)
  Rupert (D:13)
  A walking earthen tome (Depths:3)
  9 tentacled monstrosities
  3 liches
  5 Orb Guardians (Zot:5)
  2 quicksilver dragons
  A titan (Depths:3)
  A deep elf blademaster (Depths:4)
  Polyphemus (Shoals:4)
  6 death cobs
  A kraken (Shoals:4)
  Gastronok (D:11)
  4 storm dragons
  A sphinx (Depths:3)
  An Executioner (Abyss:4)
  Agnes (Snake:4)
  A tengu reaver (Depths:2)
  Kirke (D:13)
  6 fire giants
  5 nagarajas
  A draconian knight (Zot:4)
  Donald (Shoals:1)
  An iron dragon (Depths:4)
  5 frost giants
  A deep elf sorcerer (Depths:4)
  Louise (Depths:1)
  A draconian scorcher (Zot:2)
  2 draconian annihilators (Depths:4)
  22 very ugly things
  A broodmother (shapeshifter) (Depths:3)
  11 stone giants
  5 vampire knights
  2 caustic shrike skeletons (Depths:4)
  4 spriggan defenders
  2 deep elf annihilators
  Nessos (D:13)
  A deep elf demonologist (Depths:4)
  2 black draconians
  A green draconian (Zot:2)
  2 yellow draconians
  An entropy weaver (Depths:4)
  A dire elephant (D:15)
  A minotaur (Gauntlet)
  12 spark wasps
  A purple draconian (Zot:2)
  A white draconian (Zot:2)
  3 blizzard demons
  A deep elf death mage (Depths:4)
  9 ettins
  6 fire dragons
  5 merfolk javelineers
  7 merfolk impalers
  A deep elf high priest (Depths:4)
  2 great orbs of eyes (Depths:4)
  2 salamander tyrants (Snake:4)
  9 hydras
  10 ice dragons
  7 spriggan air magi
  7 rakshasas
  8 boulder beetles
  A catoblepas (Shoals:4)
  2 centaur warriors
  2 merfolk avatars (Shoals:4)
  2 merfolk aquamancers (Shoals:4)
  10 anacondas
  A dancing weapon (Abyss:4)
  7 death yaks
  3 two-headed ogres
  A deep troll shaman (Depths:4)
  15 naga warriors
  6 deep troll earth magi
  7 tengu warriors
  A vampire mage (Depths:4)
  A titan zombie (Depths:2)
  4 spriggan berserkers
  6 shock serpents
  11 naga sharpshooters
  4 hell knights
  Nergalle (Orc:1)
  3 skeletal warriors (D:14)
  An iron troll (Depths:2)
  9 sea snakes
  Lodul (D:12)
  A sixfirhy (Abyss:4)
  3 deep trolls
  A steelbarb worm (shapeshifter) (Gauntlet)
  5 naga ritualists
  A tengu zombie (Depths:2)
  A lindwurm (shapeshifter) (Depths:4)
  A golden dragon skeleton (Depths:2)
  4 flayed ghosts
  4 glowing orange brains
  A lindwurm (Lair:3)
  6 wizards
  3 deep elf pyromancers
  A deep elf archer (D:14)
  14 harpies
  2 deep elf zephyrmancers (D:14)
  6 orc knights
  6 necromancers
  8 mana vipers
  A shadow dragon skeleton (Depths:2)
  51 ugly things
  An orc sorcerer (Orc:2)
  7 cyclopes
  12 salamanders
  4 moths of wrath
  14 manticores
  13 elephants (Lair:5)
  4 guardian serpents
  A water nymph (shapeshifter) (Depths:4)
  A torpor snail (shapeshifter) (Depths:4)
  10 naga magi
  4 water nymphs
  29 black mambas
  3 merfolk sirens
  2 smoke demons (Abyss:4)
  3 gargoyles
  20 cane toads
  A torpor snail (Lair:5)
  Maggie (Lair:1)
  3 rime drakes
  A demonic crawler (Abyss:4)
  A freezing wraith (D:14)
  6 komodo dragons
  An ice devil (Depths:3)
  6 tengu conjurers
  4 trolls
  A meliai (shapeshifter) (D:14)
  3 meliai (D:15)
  7 polar bears
  28 merfolk
  A hornet (shapeshifter) (D:14)
  14 blink frogs
  15 dream sheep
  A raiju (Gauntlet)
  16 slime creatures
  12 hornets
  9 snapping turtles
  Sigmund (D:4)
  3 large abominations (Abyss:4)
  A vampire (D:10)
  6 shadows
  2 wraiths
  36 yaks
  17 spriggans
  4 water elementals
  A neqoxec (Gauntlet)
  6 hogs
  3 basilisks
  5 wyverns
  16 humans (D:13)
  5 vampire mosquitoes
  3 steam dragons
  A chaos spawn (Gauntlet)
  4 wargs (Orc:2)
  42 nagas
  17 water moccasins
  An acid dragon (D:11)
  A sky beast (D:7)
  6 black bears
  39 orc warriors
  4 centaurs
  11 ogres
  14 wolves (Lair:5)
  2 boggarts (Lair:5)
  2 kobold brigands (D:8)
  13 bullfrogs
  A necrophage (D:6)
  A scorpion (D:6)
  4 wights (D:8)
  43 killer bees
  A vampire bat (D:9)
  7 starcursed masses (Abyss:4)
  9 jellies
  2 hounds (D:5)
  22 orc priests
  Crazy Yiuf (D:4)
  3 gnoll boudas
  4 iguanas
  A lightning spire (Gauntlet)
  17 orc wizards
  3 yak simulacra (Lair:2)
  A polar bear simulacrum (Lair:2)
  3 wolf simulacra (Lair:2)
  20 gnolls
  7 adders
  4 river rats
  An ufetubus (D:4)
  2 worms
  2 dart slugs
  78 orcs
  20 ball pythons
  4 bats (D:1)
  A bat skeleton (D:9)
  3 bat zombies (D:9)
  15 endoplasms
  15 giant cockroaches
  8 goblins
  5 hobgoblins
  4 jackals (D:1)
  14 kobolds
  A quokka (D:3)
  6 frilled lizards
  8 rats
  4 river rat simulacra (Lair:2)
  A spectral orc (D:7)
  3 tentacles (Shoals:4)
1313 creatures vanquished.

Vanquished Creatures (others)
  A wizard (Depths:2)
  A raiju (Abyss:4)
  44 fungi
  108 plants
  9 tentacles (Shoals:4)
  4 toadstools (D:1)
  2 withered plants
169 creatures vanquished.

Grand Total: 1482 creatures vanquished

Notes
Turn   | Place    | Note
-------+----------+-------------------------------------------
     0 | D:1      | Flugkiller the Minotaur Fighter began the quest for the
                  | Orb.
     0 | D:1      | Reached XP level 1. HP: 19/19 MP: 0/0
   352 | D:1      | Reached XP level 2. HP: 26/27 MP: 1/1
   453 | D:1      | Reached skill level 4 in Armour
   612 | D:1      | Reached XP level 3. HP: 31/33 MP: 2/2
   913 | D:1      | Found a faded altar of an unknown god.
   918 | D:1      | Prayed at the altar of an unknown god.
   918 | D:1      | Became a worshipper of Elyvilon the Healer
   918 | D:1      | Reached * piety under Elyvilon
  1208 | D:2      | Found an iron altar of Okawaru.
  1222 | D:2      | Fell from the grace of Elyvilon
  1222 | D:2      | Became a worshipper of Warmaster Okawaru
  1365 | D:2      | Reached XP level 4. HP: 40/40 MP: 3/3
  1983 | D:3      | Reached skill level 1 in Invocations
  1983 | D:3      | Reached XP level 5. HP: 37/47 MP: 4/4
  2082 | D:3      | Found Taskanang's General Store.
  2089 | D:3      | Bought a scroll of blinking for 90 gold pieces
  2302 | D:4      | Noticed Sigmund
  2311 | D:4      | Killed Sigmund
  2311 | D:4      | Reached * piety under Okawaru
  2312 | D:4      | Reached skill level 5 in Fighting
  2312 | D:4      | Reached skill level 5 in Axes
  2312 | D:4      | Reached skill level 5 in Armour
  2312 | D:4      | Reached XP level 6. HP: 56/56 MP: 4/6
  2413 | D:4      | Found a glowing drain.
  2466 | Sewer    | Entered a sewer
  2583 | Sewer    | Found a viscous altar of Jiyva.
  2705 | Sewer    | Reached ** piety under Okawaru
  2706 | Sewer    | Reached XP level 7. HP: 61/61 MP: 7/7
  2826 | D:4      | Found Riobiv's Antique Weapon Shop.
  3098 | D:4      | Found a snail-covered altar of Cheibriados.
  3388 | D:4      | Found a runed translucent door.
  3389 | D:4      | Noticed Crazy Yiuf
  3521 | D:4      | Killed Crazy Yiuf
  3588 | D:5      | Entered Level 5 of the Dungeon
  3804 | D:5      | Found a staircase to the Ecumenical Temple.
  3853 | D:5      | Reached skill level 6 in Armour
  4007 | D:5      | Found a glowing golden altar of the Shining One.
  4271 | D:5      | Found a white marble altar of Elyvilon.
  4357 | D:5      | Found a hazy altar of Hepliaklqana.
  4483 | D:3      | Bought a potion of curing for 36 gold pieces
  4524 | D:6      | Identified the +0 pair of boots of Rolohuo {+Inv rCorr
                  | Stlth+}
  4538 | D:6      | Reached XP level 8. HP: 65/70 MP: 9/9
  4818 | D:6      | Found a stormy altar of Qazlal.
  5083 | D:6      | Found a blossoming altar of Fedhas.
  5207 | D:7      | Found a basalt altar of Yredelemnul.
  5253 | D:7      | Reached *** piety under Okawaru
  5254 | D:7      | Reached skill level 7 in Armour
  5491 | D:7      | Reached XP level 9. HP: 76/79 MP: 11/11
  5652 | D:7      | Found a broken altar of Ashenzari.
  5887 | D:8      | Reached skill level 5 in Invocations
  5902 | D:8      | Reached skill level 10 in Axes
  6002 | D:8      | Found a sacrificial altar of Ru.
  6045 | D:8      | Found a sparkling altar of Nemelex Xobeh.
  6102 | D:8      | Reached skill level 8 in Armour
  6217 | D:8      | Reached **** piety under Okawaru
  6609 | D:4      | Bought a runed war axe for 195 gold pieces
  6903 | D:9      | Reached XP level 10. HP: 90/90 MP: 13/13
  7066 | D:9      | Found a shimmering blue altar of Sif Muna.
  7132 | D:9      | Found the +18 Lear's hauberk
  7158 | D:9      | Found an ancient bone altar of Kikubaaqudgha.
  7279 | D:9      | Found a hide-covered altar of Uskayaw.
  7296 | D:9      | Reached ***** piety under Okawaru
  7407 | D:9      | Found an ornate altar of the Wu Jian Council.
  7433 | D:9      | Reached skill level 9 in Armour
  7520 | D:10     | Entered Level 10 of the Dungeon
  7600 | D:10     | Found a staircase to the Orcish Mines.
  7740 | D:10     | Noticed a two-headed ogre
  7753 | D:10     | Killed a two-headed ogre
  7966 | D:10     | Reached skill level 1 in Dodging
  7973 | D:10     | Identified the +0 robe of Xeel {rElec Will++ Regen+ Int+3}
                  | (Okawaru gifted it to you on level 10 of the Dungeon)
  7973 | D:10     | Received a gift from Okawaru
  8451 | D:11     | Noticed a death yak
  8453 | D:11     | Found a staircase to the Lair.
  8453 | D:11     | Noticed a death yak
  8454 | D:11     | Noticed a death yak
  8455 | D:11     | Noticed a gargoyle
  8462 | D:11     | Killed a death yak
  8463 | D:11     | Reached XP level 11. HP: 85/99 MP: 7/15
  8470 | D:11     | Killed a death yak
  8471 | D:11     | Reached skill level 10 in Fighting
  8478 | D:11     | Reached skill level 10 in Armour
  8480 | D:11     | Killed a death yak
  8627 | D:11     | Noticed Gastronok
  8646 | D:11     | Killed Gastronok
  8770 | D:11     | Noticed a white ugly thing
  8780 | D:11     | Killed a white ugly thing
  8984 | Lair:1   | Entered Level 1 of the Lair of Beasts
  9319 | Lair:1   | Identified the ring of Fun {*Slow Int+8 Slay+4 Stlth+}
  9332 | Lair:1   | Noticed Maggie
  9342 | Lair:1   | Killed Maggie
  9374 | Lair:1   | Noticed a boulder beetle
  9394 | Lair:1   | Killed a boulder beetle
  9630 | Lair:1   | Received a gift from Okawaru
 10188 | Lair:2   | Noticed a six-headed hydra
 10200 | Lair:2   | Killed a 14-headed hydra
 10201 | Lair:2   | Reached XP level 12. HP: 102/110 MP: 10/17
 10278 | Lair:2   | Found a staircase to the Snake Pit.
 10287 | Lair:2   | Reached skill level 11 in Armour
 10287 | Lair:2   | Reached skill level 5 in Dodging
 10534 | Lair:2   | Reached skill level 15 in Axes
 11009 | Lair:3   | Found a sparkling altar of Nemelex Xobeh.
 11020 | Lair:3   | Noticed a boulder beetle
 11041 | Lair:3   | Killed a boulder beetle
 11352 | Lair:3   | Noticed a six-headed hydra
 11534 | Lair:3   | Found a staircase to the Shoals.
 11643 | Lair:3   | Noticed a boulder beetle
 11659 | Lair:3   | Killed a boulder beetle
 11726 | Lair:3   | Reached skill level 12 in Armour
 11770 | Lair:3   | Reached XP level 13. HP: 118/118 MP: 16/19
 12467 | Lair:4   | Identified the +2 robe of Sin {Slay+3} (Okawaru gifted it
                  | to you on level 4 of the Lair of Beasts)
 12467 | Lair:4   | Received a gift from Okawaru
 13548 | Lair:5   | Entered Level 5 of the Lair of Beasts
 13654 | Lair:5   | Noticed Flugkiller's ghost (journeyman MiFi)
 13680 | Lair:5   | Found a transporter.
 13683 | Lair:5   | Found a transporter.
 13808 | Lair:5   | Reached skill level 10 in Invocations
 13896 | Lair:5   | Identified the +9 hand axe of the Warrior {vorpal, *Noise
                  | Fly rPois SInv}
 14053 | Lair:5   | Reached skill level 13 in Armour
 14095 | Lair:5   | Reached XP level 14. HP: 68/129 MP: 9/20
 15029 | Lair:5   | Found a viscous altar of Jiyva.
 15308 | D:12     | Found a gate leading to a gauntlet.
 15318 | Gauntlet | Entered a Gauntlet
 15318 | Gauntlet | Found a transporter.
 15328 | Gauntlet | Found a transporter.
 15330 | Gauntlet | Found a transporter.
 15344 | Gauntlet | Found a transporter.
 15351 | Gauntlet | Found a transporter.
 15354 | Gauntlet | Found a transporter.
 15370 | Gauntlet | Found a transporter.
 15381 | Gauntlet | Found a transporter.
 15393 | Gauntlet | Found a transporter.
 15402 | Gauntlet | Found a runed translucent door.
 15402 | Gauntlet | Found a runed translucent door.
 15408 | Gauntlet | Found a transporter.
 15423 | Gauntlet | Found a transporter.
 15423 | Gauntlet | Found a transporter.
 15466 | Gauntlet | Found a transporter.
 15480 | Gauntlet | Found a transporter.
 15489 | Gauntlet | Found the amulet of the Four Winds {rN+ Will+++ Clar}
 15565 | Gauntlet | Received a gift from Okawaru
 15652 | Gauntlet | Identified the +0 pair of gloves of Noon {rElec rPois rC-
                  | rN+}
 15672 | Gauntlet | Identified the amulet "Hajuoped" {RegenMP rN++ Stlth-}
 15922 | D:12     | Noticed Lodul
 15937 | D:12     | Killed Lodul
 16221 | D:13     | Noticed Rupert
 16221 | D:13     | Noticed Nessos
 16221 | D:13     | Found a gate to the Vaults.
 16241 | D:13     | Reached skill level 14 in Armour
 16244 | D:13     | Killed Rupert
 16256 | D:13     | Killed Nessos
 16256 | D:13     | Received a gift from Okawaru
 16257 | D:13     | Reached skill level 10 in Dodging
 16367 | D:13     | Noticed Kirke
 16555 | D:13     | Killed Kirke
 17232 | D:14     | Received a gift from Okawaru
 17245 | D:14     | Found Kihituv's Antique Armour Shoppe.
 17337 | D:14     | Reached XP level 15. HP: 116/139 MP: 22/22
 17448 | D:14     | Reached skill level 15 in Fighting
 17448 | D:14     | Reached skill level 15 in Armour
 17957 | D:15     | Entered Level 15 of the Dungeon
 18240 | D:15     | Identified the +6 battleaxe of Wuppoxos {freeze, rC++ Str-5
                  | Int+4} (Okawaru gifted it to you on level 15 of the
                  | Dungeon)
 18240 | D:15     | Received a gift from Okawaru
 18245 | D:15     | Found a staircase to the Depths.
 18366 | D:15     | Reached skill level 5 in Shields
 18435 | D:15     | Found Taatutiu's Antique Weapon Shoppe.
 18922 | D:15     | Found a shadowy altar of Dithmenos.
 19151 | Orc:1    | Entered Level 1 of the Orcish Mines
 19154 | Orc:1    | Noticed Nergalle
 19172 | Orc:1    | Killed Nergalle
 19297 | Orc:2    | Entered Level 2 of the Orcish Mines
 19470 | Orc:2    | Found a staircase to the Elven Halls.
 19671 | Orc:2    | Found Fainytoj's Weapon Emporium.
 19706 | Orc:2    | Found Bint's Armour Boutique.
 19808 | Orc:2    | Found Axtuh's General Store.
 19832 | Orc:2    | Found Epnerun's Assorted Antiques.
 19923 | Orc:2    | Received a gift from Okawaru
 20380 | Snake:1  | Entered Level 1 of the Snake Pit
 20386 | Snake:1  | Reached skill level 16 in Armour
 20749 | Snake:2  | Reached XP level 16. HP: 131/151 MP: 23/23
 21777 | Snake:3  | Reached skill level 10 in Shields
 21854 | Snake:3  | Identified the +3 tower shield "Baifolush" {Int+6 Dex+6
                  | Slay-2} (Okawaru gifted it to you on level 3 of the Snake
                  | Pit)
 21854 | Snake:3  | Received a gift from Okawaru
 21929 | Snake:4  | Entered Level 4 of the Snake Pit
 22192 | Snake:4  | Reached skill level 17 in Armour
 22658 | Snake:4  | Noticed Agnes
 22666 | Snake:4  | Killed Agnes
 22697 | Snake:4  | Reached XP level 17. HP: 90/161 MP: 19/24
 22830 | Snake:4  | Identified the +3 ring mail "Juebb" {Str+3} (Okawaru gifted
                  | it to you on level 4 of the Snake Pit)
 22830 | Snake:4  | Received a gift from Okawaru
 22847 | Snake:4  | Got a serpentine rune of Zot
 23370 | Shoals:1 | Entered Level 1 of the Shoals
 23546 | Shoals:1 | Noticed Donald
 23556 | Shoals:1 | Killed Donald
 23921 | Shoals:4 | Entered Level 4 of the Shoals
 23935 | Shoals:4 | Noticed Polyphemus
 23946 | Shoals:4 | Killed Polyphemus
 24054 | Shoals:4 | HP: 7/163 [merfolk/boomerang[a merfolk impaler] (7)]
 24283 | Shoals:4 | Noticed a kraken
 24313 | Shoals:4 | Killed a kraken
 24425 | Shoals:4 | Reached skill level 18 in Armour
 24923 | Shoals:4 | Reached skill level 1 in Evocations
 24964 | Shoals:4 | Found the +3 giant club "Skullcrusher" {speed, Str+7}
 25082 | Shoals:4 | Got a barnacled rune of Zot
 25360 | Depths:1 | Entered Level 1 of the Depths
 25495 | Depths:1 | Reached skill level 15 in Shields
 25551 | Depths:1 | Reached XP level 18. HP: 172/173 MP: 25/25
 25653 | Depths:1 | Received a gift from Okawaru
 25738 | Depths:1 | Reached skill level 15 in Dodging
 25744 | Depths:1 | Noticed Louise
 25757 | Depths:1 | Killed Louise
 25906 | Depths:1 | Found a one-way gate to the infinite horrors of the Abyss.
 25952 | Depths:1 | You fall into a shaft and drop 1 floor!
 26675 | Depths:2 | Reached skill level 19 in Armour
 26722 | Depths:2 | Reached skill level 5 in Evocations
 26736 | Depths:2 | Noticed a lich
 26749 | Depths:2 | Killed a lich
 26760 | Depths:2 | Identified the ring "Luysemue" {rPois rCorr}
 26799 | Depths:2 | HP: 5/176 [something (9)]
 26944 | Depths:2 | Identified the +1 pair of gloves "Wellufez" {rN+ SInv}
                  | (Okawaru gifted it to you on level 2 of the Depths)
 26944 | Depths:2 | Received a gift from Okawaru
 27169 | Depths:2 | Identified the +2 ring mail of Dytefroje {Harm Int+2 Dex-2}
 27293 | Depths:2 | Found a gateway to Hell.
 27548 | Depths:2 | Found a one-way gate leading to the halls of Pandemonium.
 28092 | Depths:3 | Noticed a lich
 28101 | Depths:3 | Killed a lich
 28158 | Depths:3 | Found the +9 sword of Zonguldrok {reap}
 28159 | Depths:3 | Found a runed translucent door.
 28161 | Depths:3 | Noticed a golden dragon
 28161 | Depths:3 | Noticed a tentacled monstrosity
 28161 | Depths:3 | Noticed a walking earthen tome
 28188 | Depths:3 | Reached XP level 19. HP: 157/183 MP: 26/26
 28416 | Depths:3 | Identified the amulet "Ymiahuot" {Faith +Inv Str+7}
 28656 | Depths:3 | Received a gift from Okawaru
 28664 | Depths:3 | Killed a golden dragon
 28751 | Depths:4 | Entered Level 4 of the Depths
 28792 | Depths:4 | Reached skill level 20 in Armour
 28884 | Depths:4 | Found a one-way gateway to a ziggurat.
 28910 | Depths:4 | Noticed a caustic shrike
 28921 | Depths:4 | Killed a caustic shrike
 28922 | Depths:4 | Received a gift from Okawaru
 29156 | Depths:4 | Found a gate to the Realm of Zot.
 29263 | Depths:4 | Received a gift from Okawaru
 29271 | Depths:4 | Received a gift from Okawaru
 29357 | Depths:4 | Identified the +4 battleaxe of Pennatt {speed, Will- rCorr
                  | Str-4 Dex+10}
 29549 | Depths:4 | Reached skill level 21 in Armour
 29549 | Depths:4 | Reached XP level 20. HP: 166/195 MP: 27/27
 29551 | Depths:4 | Reached ****** piety under Okawaru
 29668 | Depths:4 | Received a gift from Okawaru
 29668 | Depths:4 | Found the +8 lance "Wyrmbane" {slay drac, rPois rF+ rC+
                  | AC+3}
 30033 | Abyss:4  | Found a candlelit altar of Ignis.
 30033 | Abyss:4  | Found a corrupted altar of Lugonu.
 30033 | Abyss:4  | Cast into level 4 of the Abyss (unwielding a weapon of
                  | distortion)
 30072 | Abyss:4  | Got an abyssal rune of Zot
 30298 | Depths:4 | Escaped the Abyss
 30372 | Zot:1    | Entered Level 1 of the Realm of Zot
 30413 | Zot:2    | Noticed a golden dragon
 30420 | Zot:2    | Killed a golden dragon
 30427 | Zot:2    | Received a gift from Okawaru
 30448 | Zot:2    | Reached skill level 22 in Armour
 30504 | Zot:2    | Found a transporter.
 30641 | Zot:5    | Entered Level 5 of the Realm of Zot
 30649 | Zot:5    | Noticed a curse toe
 30701 | Zot:5    | Killed a curse toe
 30779 | Zot:5    | Noticed an ancient lich
 30779 | Zot:5    | Noticed an ancient lich
 30788 | Zot:5    | Killed an ancient lich
 30799 | Zot:5    | Killed an ancient lich
 30829 | Zot:5    | Reached skill level 10 in Evocations
 30833 | Zot:5    | Noticed an ancient lich
 30835 | Zot:5    | Noticed a Killer Klown
 30835 | Zot:5    | Noticed a golden dragon
 30836 | Zot:5    | Noticed an orb of fire
 30836 | Zot:5    | Gained mutation: You are clumsy. (Dex -2) [an orb of fire]
 30837 | Zot:5    | Noticed a Killer Klown
 30904 | Zot:5    | Noticed a Killer Klown
 30921 | Zot:5    | Identified the +12 plate armour of the Equator {rPois
                  | Regen+ Str-5} (Okawaru gifted it to you on level 5 of the
                  | Realm of Zot)
 30921 | Zot:5    | Received a gift from Okawaru
 30927 | Zot:5    | Killed a Killer Klown
 30935 | Zot:5    | HP: 8/199 [electric golem (6)]
 30935 | Zot:5    | HP: 3/199 [electric golem (5)]
 30936 | Zot:5    | Slain by an electric golem

Illustrated notes

Levels and vault maps discovered:
D:1:      ldierk_walled_garden_2, layout_loops_ring,
          shapermc_ecumenical_altar_petra, serial_bayou_pond_c,
          chequers_serial_rivers_large_b
D:2:      layout_loops_cross, basic_altar, minmay_shallow_snake_nest
D:3:      layout_rooms, serial_shops, nicolae_shop_trees
D:4:      layout_basic, general_overflow_altar, kennysheep_okawaru_gauntlet,
          serial_shops, nicolae_shop_hallway_plus, gup_sewer_entry_glass,
          uniq_crazy_yiuf_cottage, uniq_sigmund
D:5:      layout_basic, kennysheep_little_box, nzn_hepliaklqana_mist_gate,
          tso_altar, minmay_temple_entry_butterflies, kennysheep_generic_room_10
D:6:      wander_river, layout_basic, lemuel_coloured_pillars_altar,
          overflow_temple_1_default, kennysheep_generic_room_3
D:7:      layout_gridville, yredelemnul_forgotten_temple_becter,
          mainiacjoe_overflow_chevrons
D:8:      layout_loops_ring, nicolae_ru_the_path_less_chosen,
          nemelex_spade_bored_becter
D:9:      layout_loops_ring, mainiacjoe_overflow_boulevard,
          kennysheep_vampire_church, kennysheep_mini_moat,
          mainiacjoe_overflow_paths
D:10:     layout_stronghold, kennysheep_generic_room_7
D:11:     layout_basic, dpeg_lair_monsters, uniq_gastronok
D:12:     layout_rooms, gauntlet_entry_generic, uniq_lodul
D:13:     layout_roguey, david_vaults_3, uniq_kirke
D:14:     layout_loops_ring, serial_shops, shop, dk_noncrumbling_3,
          kennysheep_generic_room_11
D:15:     hangedman_depths_entry_try_elsewhere_first, layout_stronghold,
          kennysheep_pointless_box, serial_shops, nicolae_shop_stone,
          grunt_dithmenos_shadows
Lair:1:   layout_layer_cave, uniq_maggie
Lair:2:   layout_chaotic_city, minmay_snake_entry_spellcaster,
          eino_house_with_fridge
Lair:3:   cheibrodos_lair_overgrown_chateau, layout_loops_ring,
          elwin_shoals_entry_stream, basic_altar, pond
Lair:4:   wad_woods_minihive, layout_cave_pods, serial_bayou_shore_a
Lair:5:   minmay_lair_end_enchanted_forest, layout_small_grid,
          minmay_slime_entry_oklob_enclosed, nzn_ghost_randoct,
          grunt_megastairs_3, infiniplex_staircase_pool_2
Shoals:1: layout_shoals, nicolae_shoals_spectral_cove, uniq_aizul, uniq_donald
Shoals:2: layout_shoals
Shoals:3: layout_shoals, nicolae_shoals_seven_spires
Shoals:4: shoals_end_hangedman, layout_shoals, uniq_polyphemus
Snake:1:  layout_onion, special_room
Snake:2:  layout_grid_maze, nicolae_integral_box
Snake:3:  layout_grid_maze, st_stairs_6
Snake:4:  grunt_snake_rune_pools, layout_misc_corridors, uniq_agnes
Orc:1:    layout_caves, uniq_nergalle
Orc:2:    st_orc_town, layout_diamond_mine
Depths:1: layout_roguey, rand_demon_pan_entry_9, grunt_gozag_breadcrumbs,
          nicolae_abyss_entry_one_way_or_another,
          grunt_hell_entry_demonic_statue, nicolae_shop_self_help
Depths:2: minmay_the_grid_octo_tiled_octocenter_mashed
          [minmay_the_grid_octo_checkered, minmay_the_grid_octo_fan_narrow,
          minmay_the_grid_octo_checkerflower, minmay_the_grid_octo_toaster,
          minmay_the_grid_octo_prize_ultimate_mussel_roller,
          minmay_the_grid_square_5x5_hourglass,
          minmay_the_grid_square_5x5_three_walls,
          minmay_the_grid_square_5x5_eight,
          minmay_the_grid_square_5x5_hollow_slash], layout_basic,
          grunt_pan_entry_zigzag, grunt_hell_entry_dis_old, abyss_entry
Depths:3: minmay_gate_of_8, layout_long_grid, hangedman_coc_ice_floe,
          nicolae_wwwww, hangedman_abyss_entry_splay, rand_demon_pan_entry_1
Depths:4: hangedman_pleasuredromes, hell_entry
Zot:1:    layout_cathedral_of_symmetry, hellmonk_ghost_happy_afterlife,
          grunt_megastairs_5
Zot:2:    layout_misc_corridors, nicolae_transporter_circle
Zot:3:    layout_misc_corridors, hangedman_zot_spectrum
Zot:4:    minmay_elemental_castle, layout_cellular_growth,
          gammafunk_ghost_tricky_traps
Zot:5:    layout_cathedral_of_symmetry, st_stairs_5

Skill      XL: |  1  2  3  4  5  6  7  8  9 10 11 12 13 14 15 16 17 18 19 20 |
---------------+-------------------------------------------------------------+-----
Axes           | 3 4 5 6 7 9 11 13 14 16 17 18 | 18.0
Fighting       | 4 5 6 7 8 9 11 12 13 14 16 17 18 19 20 21 | 21.7
Armour         | 4 5 6 7 8 9 10 12 13 14 16 17 18 19 21 22 | 22.8
Invocations    | 1 2 3 4 6 7 8 9 10 11 | 11.0
Dodging        | 2 4 6 8 10 12 13 14 16 17 18 | 18.4
Shields        | 8 12 15 | 15.0
Evocations     | 2 6 8 10 | 10.0

Action                   |  1- 3 |  4- 6 |  7- 9 | 10-12 | 13-15 | 16-18 | 19-21 || total
-------------------------+-------+-------+-------+-------+-------+-------+-------++-------
Melee: War axe           |    74 |   122 |   301 |   212 |       |       |       ||   709
       Headbutt          |    11 |    17 |    57 |   120 |   270 |   322 |   203 ||  1000
       Broad axe         |       |       |       |   284 |  1165 |  1295 |   653 ||  3397
       Unarmed           |       |       |       |       |    23 |       |       ||    23
Throw: Boomerang         |       |       |       |       |       |     4 |       ||     4
Invok: Heroism           |       |       |     9 |    11 |    31 |    32 |    17 ||   100
       Finesse           |       |       |       |     2 |    21 |    14 |    12 ||    49
  Use: Scroll            |       |     2 |     9 |     7 |    24 |     7 |    21 ||    70
       Potion            |       |       |       |       |     2 |    10 |    12 ||    24
 Stab: Distracted        |       |       |       |       |       |       |     1 ||     1
Armor: Scale mail        |    35 |    12 |       |       |       |       |       ||    47
       Plate armour      |       |    55 |   163 |    21 |    43 |   166 |       ||   448
       Chain mail        |       |       |       |   269 |   631 |       |       ||   900
       Crystal plate arm |       |       |       |       |       |   398 |    59 ||   457
       Gold dragon scale |       |       |       |       |       |       |   299 ||   299
Dodge: Dodged            |    34 |    44 |   123 |   292 |   805 |   484 |   208 ||  1990
Block: Buckler           |    21 |    27 |    69 |   113 |   274 |       |       ||   504
       Kite shield       |       |       |       |       |    36 |   691 |   341 ||  1068
       Reflection        |       |       |       |       |     8 |    35 |       ||    43
